 Dungeon Crawl Stone Soup version 0.28-a0-726-g4a9143789a (webtiles) character file.

Game seed: 13261626705941489110

35 lawman0 the Chiller (level 3, 0/24 HPs)
             Began as a Barachi Ice Elementalist on Oct 27, 2021.
             Succumbed to an adder's poison
             ... on level 2 of the Dungeon.
             The game lasted 00:01:55 (1420 turns).

lawman0 the Chiller (Barachi Ice Elementalist)      Turns: 1420, Time: 00:01:56

Health: 0/24       AC:  3    Str:  9    XL:     3   Next: 33%
Magic:  5/6        EV: 12    Int: 16    God:
Gold:   40         SH:  5    Dex: 12    Spells: 3/7 levels left

rFire   . . .      SeeInvis .   d - +0 dagger
rCold   . . .      Faith    .   (no shield)
rNeg    . . .      Spirit   .   a - +0 robe
rPois   .          Reflect  +   (no helmet)
rElec   .          Harm     .   (no cloak)
rCorr   .          Rampage  .   (no gloves)
Will    .....                   b - +0 pair of boots
Stlth   ++........              h - amulet of reflection
HPRegen 0.08/turn               (no ring)
MPRegen 0.10/turn               (no ring)

@: lethally poisoned (0 -> -4), slow
A: amphibious, slowness 1, strong legs 1, +LOS
a: Hop


You were on level 2 of the Dungeon.
You visited 1 branch of the dungeon, and saw 2 of its levels.

You collected 40 gold pieces.

Inventory:

Hand Weapons
 d - a +0 dagger (weapon)
Missiles
 k - 4 boomerangs of dispersal
Armour
 a - a +0 robe (worn)
 b - a +0 pair of boots (worn)
Jewellery
 h - an amulet of reflection (around neck)
Scrolls
 e - a scroll of fear {unknown}
 f - a scroll of enchant weapon {unknown}
 j - a scroll of noise {unknown}
Potions
 c - a potion of curing {unknown}
 g - a potion of berserk rage {unknown}
 i - a potion of might {unknown}


   Skills:
 + Level 0.2 Fighting
 + Level 2.3 Dodging
 + Level 2.2 Stealth
 + Level 2.5 Spellcasting
 * Level 5.5 Ice Magic


You had 3 spell levels left.
You knew the following spells:

 Your Spells              Type           Power      Damage    Failure   Level
a - Freeze                Ice            76%        1d9       1%          1
b - Frozen Ramparts       Ice            38%        1d5       6%          3

Your spell library contained the following spells:

 Spells                   Type           Power      Damage    Failure   Level
 Ozocubu's Armour         Ice            19%        N/A       6%          3
 Hailstorm                Conj/Ice       10%        3d5       54%         4


Dungeon Overview and Level Annotations

Branches:
Dungeon (2/15)

Altars:


Innate Abilities, Weirdness & Mutations

You are amphibious.
You cover ground slowly.
You can hop short distances.
You have an extended range of vision and can be seen from far away.


Message History

The adder is lightly wounded.
You feel sick. The adder closely misses you.
The adder bites you but does no damage. The adder bites you.
The adder bites you but does no damage.
You are too injured to fight recklessly!
You hit the adder.
The adder is moderately wounded.
You feel sick. The adder bites you but does no damage.
You block the adder's attack.
You are too injured to fight recklessly!
You are too injured to fight recklessly!
You hit the adder.
The adder is heavily wounded.
You feel sick. The adder bites you but does no damage.
The adder barely misses you.
You closely miss the adder.
The adder is heavily wounded.
You feel sick. The adder closely misses you. You block the adder's attack.
The adder closely misses you. The adder misses you.
You closely miss the adder.
The adder is heavily wounded.
You feel sick.
You are no longer poisoned.
The adder bites you.
* * * LOW HITPOINT WARNING * * *
You are lethally poisoned!
The adder poisons you! The adder bites you.
* * * LOW HITPOINT WARNING * * *
You miss the adder.
The adder is heavily wounded.
* * * LOW HITPOINT WARNING * * *
You feel sick. You block the adder's attack. x2
Casting: Freeze (safe; 1% risk of failure)
Confirm with . or Enter, or press ? or * to list all spells.
Aiming: Freeze (safe; 1% risk of failure)
Press: ? - help, Shift-Dir - straight line, f - adder
Aim: an adder You freeze the adder.
The adder is heavily wounded.
You die...

########.######....##
....................
.#######.#####.....#
# #.#... .....#
##.#######.#.##
.....#
..............# .....
#.##.........# K..
#...†.....##S###....
##.........@S.......
#..##.#.#..........
##.##.#.#..........
#.................
#..#####..........
#.. ........... #...
........... #...
#.##.##..... #. .#
.....


You could see 2 adders and a kobold.

Vanquished Creatures
  A worm (D:2)
  2 dart slugs (D:1)
  5 ball pythons (D:1)
  3 endoplasms (D:1)
  A giant cockroach (D:1)
  2 hobgoblins (D:1)
  3 kobolds (D:1)
  2 quokkas (D:1)
  2 bats (D:1)
  2 frilled lizards (D:1)
  2 rats (D:1)
25 creatures vanquished.

Vanquished Creatures (others)
  2 fungi (D:1)
  A plant (D:1)
3 creatures vanquished.

Grand Total: 28 creatures vanquished

Notes
Turn   | Place    | Note
-------+----------+-------------------------------------------
     0 | D:1      | lawman0 the Barachi Ice Elementalist began the quest for
                  | the Orb.
     0 | D:1      | Reached XP level 1. HP: 13/13 MP: 3/3
   287 | D:1      | Reached skill level 5 in Ice Magic
   299 | D:1      | Reached XP level 2. HP: 9/19 MP: 0/5
  1005 | D:1      | Reached XP level 3. HP: 23/24 MP: 3/6
  1009 | D:1      | Learned a level 3 spell: Frozen Ramparts
  1263 | D:1      | Found a faded altar of an unknown god.
  1419 | D:2      | HP: 1/24 [poisoned by an adder]
  1420 | D:2      | Succumbed to an adder's poison

Illustrated notes

Levels and vault maps discovered:
D:1:      saegor_arrival_simple_a, layout_rooms,
          shapermc_ecumenical_altar_mp_urbaneastern, minivault_14,
          minmay_misc_feat_roman, minivault_24, dk_noncrumbling_4,
          minmay_ruptured
D:2:      layout_basic, uniq_jessica

Skill      XL: |  1 |
---------------+----+-----
Stealth        | 2 |  2.2
Ice Magic      | 5 |  5.5
Fighting       | |  0.2
Dodging        | |  2.3
Spellcasting   | |  2.5

Action                   || total
-------------------------++-------
Melee: Unarmed           ||    16
       Dagger            ||    35
 Cast: Freeze            ||    34
 Abil: Hop               ||     1
 Stab: Sleeping          ||     2
Armor: Robe              ||    20
Dodge: Dodged            ||    50
Block: Other             ||    11

Table legend: (Time is in decaauts)
 A = Elapsed time spent in this place.
 B = Non-inter-level travel time spent in this place.
 C = Inter-level travel time spent in this place.
 D = Time resting spent in this place.
 E = Time spent auto-exploring this place.
 F = Levels seen in this place.
 G = Mean time per level.
                   A        B        C        D        E       F      G
               +--------+--------+--------+--------+--------+-----+--------+
         Total |   1522 |   1509 |     13 |    219 |   1031 |   2 |  761.0 |
       Dungeon |   1522 |   1509 |     13 |    219 |   1031 |   2 |  761.0 |
               +--------+--------+--------+--------+--------+-----+--------+

Top non-repeatable levels by time:
     D:1: 1415 daAuts
     D:2: 106 daAuts
